 Dungeon Crawl Stone Soup version 0.20.0-8-g6b59dc7 (webtiles) character file.

9581 George the Carver (level 11, -10/141 HPs)
             Began as a Minotaur Fighter on June 2, 2017.
             Was a High Priest of Okawaru.
             Mangled by a cyan ugly thing (16 damage)
             ... on level 10 of the Dungeon.
             The game lasted 00:17:48 (9744 turns).

George the Carver (Minotaur Fighter)                Turns: 9744, Time: 00:17:49

Health: -10/141    AC: 14    Str: 28    XL:     11   Next: 24%
Magic:  13/14      EV: 14    Int:  5    God:    Okawaru [*****.]
Gold:   656        SH: 14    Dex: 11    Spells: 0/10 levels left

rFire    . . .     SeeInvis +   L - +0 long sword (freeze)
rCold    . . .     Gourm    .   c - +0 shield
rNeg     . . .     Faith    .   o - +0 chain mail
rPois    .         Spirit   .   (helmet restricted)
rElec    .         Reflect  .   t - +0 cloak
rCorr    .         Harm     .   (no gloves)
MR       +....                  (no boots)
Stlth    ..........             G - amulet of rage
Regen    0.4/turn               O - ring of protection from magic
MPRegen  0.2/turn               w - ring of see invisible

@: berserking, heroism, very quick
A: retaliatory headbutt, horns 2
a: Heroism, Finesse, Renounce Religion, Evoke Berserk Rage


You were on level 10 of the Dungeon.
You worshipped Okawaru.
Okawaru was extremely pleased with you.
You were very hungry.

You visited 2 branches of the dungeon, and saw 12 of its levels.

You collected 721 gold pieces.
You spent 65 gold pieces at shops.

Inventory:

Hand Weapons
 D - a +0 rapier
 L - a +0 long sword of freezing (weapon)
Missiles
 a - 7 javelins (quivered)
 J - a throwing net
 Y - 3 javelins of returning
Armour
 c - a +0 shield (worn)
 o - a +0 chain mail (worn)
 t - a +0 cloak (worn)
Jewellery
 p - an uncursed ring of positive energy
 w - a ring of see invisible (right hand)
 G - an amulet of rage (around neck)
 O - a ring of protection from magic (left hand)
Wands
 e - a wand of acid (8/15)
 s - a wand of iceblast (8/15)
 z - a wand of digging (9/24)
 K - a wand of iceblast (7/15)
 S - a wand of iceblast (10/15)
 W - a wand of iceblast (8/15)
Scrolls
 h - 6 scrolls of teleportation {unknown}
 i - 2 scrolls of noise {unknown}
 j - 4 scrolls of remove curse {unknown}
 m - 4 scrolls of immolation {unknown}
 n - 2 scrolls of fog {unknown}
 r - 7 scrolls of amnesia {unknown}
 u - a scroll of fear {unknown}
 v - 2 scrolls of magic mapping {unknown}
 E - 2 scrolls of blinking {unknown}
 P - 2 scrolls of recharging {unknown}
 Q - a scroll of brand weapon {unknown}
 R - 4 scrolls of enchant armour {unknown}
 T - a scroll of acquirement {unknown}
Potions
 b - 2 potions of invisibility
 d - 3 potions of might
 k - 4 potions of curing
 l - 2 potions of haste
 q - 3 potions of heal wounds
 A - 2 potions of agility
 B - a potion of mutation
 H - a potion of berserk rage
 N - 3 potions of brilliance {unknown}
 X - 2 potions of flight {unknown}
Miscellaneous
 U - a lightning rod (4/4)
Comestibles
 f - 9 bread rations
 g - 5 fruits
 x - 4 meat rations
 F - 3 royal jellies


   Skills:
 + Level 7.8(12.8) Fighting
 + Level 14.0(19.0) Long Blades
 + Level 7.6(12.6) Armour
 + Level 6.1(11.1) Dodging
 + Level 8.2(13.2) Shields
 + Level 5.5 Invocations


You couldn't memorise any spells.
You knew the following spells:

 Your Spells              Type           Power        Failure   Level  Hunger
a - Song of Slaying       Chrm           #.......     98%         2    ###....
b - Regeneration          Chrm/Necr      #.........   100%        3    ####...
c - Spectral Weapon       Hex/Chrm       #.......     100%        3    ####...
d - Shroud of Golubria    Chrm/Tloc      #.........   98%         2    ###....


Dungeon Overview and Level Annotations

Branches:
Dungeon (11/15)            Temple (1/1) D:6            Lair (0/6) D:9
    Orc: D:9-12

Altars:
Ashenzari
Cheibriados
Dithmenos
Elyvilon
Fedhas
Gozag
Hepliaklqana
Kikubaaqudgha
Makhleb
Nemelex Xobeh
Okawaru
Qazlal
Ru
Sif Muna
Trog
Uskayaw
Vehumet
Xom
Yredelemnul
Zin
The Shining One
Jiyva

Shops:
D:8 !%%[%


Innate Abilities, Weirdness & Mutations

You reflexively headbutt those who attack you in melee.
You have a pair of horns on your head.


Message History

You freeze the cyan ugly thing. You headbutt the cyan ugly thing.
The cyan ugly thing is moderately wounded.
You closely miss the cyan ugly thing. You headbutt the cyan ugly thing!
The cyan ugly thing is heavily wounded.
The cyan ugly thing tentacle-slaps you. The cyan ugly thing shocks you!
You hit the cyan ugly thing but do no damage.
The cyan ugly thing is heavily wounded.
You hit the cyan ugly thing. You freeze the cyan ugly thing.
The cyan ugly thing is heavily wounded.
The cyan ugly thing tentacle-slaps you!
* * * LOW HITPOINT WARNING * * *
The cyan ugly thing shocks you!
* * * LOW HITPOINT WARNING * * *
A red film seems to cover your vision as you go berserk!
You feel yourself moving faster!
You feel mighty!
You are feeling very hungry.
The cyan ugly thing tentacle-slaps you!
* * * LOW HITPOINT WARNING * * *
The cyan ugly thing shocks you!
You die...

#.#./....#
#.##.##### ...#.#
####.# #.# #.# #.#
####.#############
..............(u@#
#########.########
..)...# #.#
.####.# #.# .# #.#
#.# .## #.# #.#
..###.# #.#
......# #.#
......# #.#


You could see a cyan ugly thing.

Vanquished Creatures
  Gastronok (D:9)
  A two-headed ogre (D:10)
  An unseen horror (D:10)
  Pikel (D:5)
  Maurice (D:9)
  Joseph (D:9)
  Psyche (D:9)
  2 trolls
  Grinder (D:4)
  A hornet (D:7)
  A hippogriff (D:7)
  A wyvern (D:9)
  A spriggan (D:7)
  A steam dragon (D:10)
  A hungry ghost (D:10)
  Eustachio (D:4)
  A soldier ant (D:10)
  An orc warrior (D:10)
  A black bear (D:10)
  3 sky beasts
  3 ice beasts
  8 ogres
  4 centaurs
  A wolf (D:9)
  4 bullfrogs
  A scorpion (D:7)
  4 electric eels (D:9)
  3 crimson imps
  A bullfrog zombie (D:6)
  8 hounds
  Crazy Yiuf (D:5)
  A centaur zombie (D:10)
  3 orc priests
  2 centaur skeletons
  4 jellies (D:8)
  Ijyb (D:5)
  4 iguanas
  2 orc wizards
  6 worker ants
  Robin (D:4)
  3 gnolls (D:7)
  14 adders
  5 shadow imps
  2 oozes
  3 adder skeletons
  7 worms
  2 dart slugs
  7 leopard geckos
  25 orcs
  A ball python (D:4)
  A bat skeleton (D:2)
  A bat zombie (D:2)
  6 giant cockroaches
  9 goblins
  6 hobgoblins
  5 jackals
  7 kobolds
  3 quokkas
  7 bats
  A frilled lizard (D:2)
  A jackal skeleton (D:5)
  4 quokka skeletons
  4 rats
  A toadstool (D:1)
210 creatures vanquished.

Vanquished Creatures (others)
  An adder zombie (D:9)
  An adder skeleton (D:6)
  A worm (D:5)
  3 toadstools (D:1)
6 creatures vanquished.

Grand Total: 216 creatures vanquished

Notes
Turn   | Place    | Note
-------+----------+-------------------------------------------
     0 | D:1      | George the Minotaur Fighter began the quest for the Orb.
     0 | D:1      | Reached XP level 1. HP: 19/19 MP: 0/0
   124 | D:1      | Reached skill level 3 in Long Blades
   189 | D:1      | Reached XP level 2. HP: 26/26 MP: 1/1
   525 | D:2      | Reached skill level 4 in Long Blades
   558 | D:2      | Reached XP level 3. HP: 21/31 MP: 2/2
   935 | D:2      | Reached skill level 5 in Long Blades
  1052 | D:3      | Reached XP level 4. HP: 36/39 MP: 3/3
  1187 | D:3      | Reached skill level 6 in Long Blades
  1532 | D:3      | Found a radiant altar of Vehumet.
  1537 | D:3      | Reached XP level 5. HP: 43/45 MP: 4/4
  1913 | D:4      | Noticed Robin
  1932 | D:4      | Killed Robin
  1933 | D:4      | Reached skill level 7 in Long Blades
  2284 | D:4      | Noticed an ogre
  2292 | D:4      | Killed an ogre
  2292 | D:4      | Reached skill level 8 in Long Blades
  2292 | D:4      | Reached XP level 6. HP: 19/51 MP: 5/5
  2521 | D:4      | Noticed Grinder
  2537 | D:4      | Killed Grinder
  2537 | D:4      | Reached skill level 9 in Long Blades
  2537 | D:4      | Reached XP level 7. HP: 51/57 MP: 6/6
  2762 | D:4      | Noticed Eustachio
  2848 | D:4      | HP: 1/57 [iron imp[Eustachio] (5)]
  2850 | D:4      | Killed Eustachio
  2850 | D:4      | Reached skill level 10 in Long Blades
  3349 | D:5      | Entered Level 5 of the Dungeon
  3349 | D:5      | Noticed Ijyb
  3364 | D:5      | Killed Ijyb
  3392 | D:5      | Found a white marble altar of Elyvilon.
  3592 | D:5      | Found a glowing silver altar of Zin.
  3695 | D:5      | Found a runed door.
  3720 | D:5      | Noticed Pikel
  3744 | D:5      | Killed Pikel
  3744 | D:5      | Reached skill level 12 in Long Blades
  3744 | D:5      | Reached XP level 8. HP: 46/64 MP: 7/7
  4064 | D:5      | Noticed Crazy Yiuf
  4072 | D:5      | Killed Crazy Yiuf
  4640 | D:6      | Reached skill level 1 in Dodging
  4651 | D:6      | Found a staircase to the Ecumenical Temple.
  4661 | Temple   | Entered the Ecumenical Temple
  4772 | Temple   | Became a worshipper of Warmaster Okawaru
  5244 | D:6      | Reached skill level 1 in Invocations
  5365 | D:6      | Reached XP level 9. HP: 65/71 MP: 7/9
  5451 | D:7      | Found a white marble altar of Elyvilon.
  5502 | D:7      | Found a hazy altar of Hepliaklqana.
  5550 | D:7      | Learned a level 2 spell: Song of Slaying
  5554 | D:7      | Learned a level 3 spell: Regeneration
  5558 | D:7      | Learned a level 3 spell: Spectral Weapon
  5578 | D:7      | Reached * piety under Okawaru
  5657 | D:7      | Paralysed by a hornet for 2 turns
  5660 | D:7      | Reached skill level 5 in Armour
  5668 | D:7      | Reached skill level 5 in Fighting
  5668 | D:7      | Reached skill level 13 in Long Blades
  5668 | D:7      | Reached skill level 5 in Shields
  5863 | D:7      | Found a hide-covered altar of Uskayaw.
  5869 | D:7      | Found an ancient bone altar of Kikubaaqudgha.
  5869 | D:7      | Found a blossoming altar of Fedhas.
  6200 | D:8      | Found Menwi's Food Boutique.
  6294 | D:8      | Found Utokoeck's Distillery.
  6297 | D:8      | Bought a potion of heal wounds for 65 gold pieces
  6361 | D:8      | Found a snail-covered altar of Cheibriados.
  6361 | D:8      | Found a viscous altar of Jiyva.
  6371 | D:8      | Reached ** piety under Okawaru
  6442 | D:8      | Found Cebusis's Armour Shop.
  6449 | D:8      | Found Xafuann's Food Emporium.
  6511 | D:8      | Found a glowing golden altar of the Shining One.
  6720 | D:8      | Found Duny's Food Boutique.
  7166 | D:9      | Noticed Maurice
  7173 | D:9      | Noticed Psyche
  7242 | D:9      | Killed Maurice
  7242 | D:9      | Reached XP level 10. HP: 81/83 MP: 11/11
  7252 | D:9      | Killed Psyche
  7372 | D:9      | Found a staircase to the Lair.
  7446 | D:9      | Reached *** piety under Okawaru
  7631 | D:9      | Noticed Gastronok
  7675 | D:9      | Killed Gastronok
  7675 | D:9      | Reached **** piety under Okawaru
  7675 | D:9      | Reached skill level 5 in Dodging
  7899 | D:9      | Noticed Joseph
  7922 | D:9      | Killed Joseph
  8199 | D:9      | Received a gift from Okawaru
  8460 | D:10     | Entered Level 10 of the Dungeon
  8491 | D:10     | Noticed a two-headed ogre
  8512 | D:10     | Killed a two-headed ogre
  8512 | D:10     | Reached skill level 5 in Invocations
  8512 | D:10     | Reached XP level 11. HP: 92/92 MP: 10/13
  8614 | D:10     | Reached ***** piety under Okawaru
  9023 | D:10     | Noticed an unseen horror
  9046 | D:10     | Killed an unseen horror
  9053 | D:10     | Reached skill level 14 in Long Blades
  9284 | D:10     | Learned a level 2 spell: Shroud of Golubria
  9638 | D:11     | Noticed a cyan ugly thing
  9744 | D:10     | HP: 6/141 [cyan ugly thing (11)]
  9744 | D:10     | Mangled by a cyan ugly thing

Skill      XL: |  1  2  3  4  5  6  7  8  9 10 11 |
---------------+----------------------------------+-----
Long Blades    | 3 4 5 6 8 9 12 13 14 | 14.0
Armour         | 4 5 7 |  7.6
Dodging        | 1 3 5 6 |  6.1
Fighting       | 4 6 7 |  7.8
Shields        | 4 6 7 8 |  8.2
Invocations    | 1 3 5 |  5.5

Action                   |  1- 3 |  4- 6 |  7- 9 | 10-12 || total
-------------------------+-------+-------+-------+-------++-------
Melee: Long sword        |    91 |   144 |   344 |   214 ||   793
       Headbutt          |    16 |    29 |    63 |    49 ||   157
Throw: Throwing net      |       |       |       |     1 ||     1
Invok: Heroism           |       |       |       |     2 ||     2
 Abil: Evoke Berserk Rag |       |       |       |     1 ||     1
Evoke: Wand              |       |     4 |     2 |     7 ||    13
  Use: Scroll            |       |       |     6 |     4 ||    10
       Potion            |       |       |     1 |       ||     1
 Stab: Confused          |       |     1 |       |       ||     1
       Held in net/web   |       |       |       |     4 ||     4
  Eat: Chunk             |       |     5 |    15 |     9 ||    29
       Fruit             |       |       |     1 |       ||     1
Armor: Scale mail        |    24 |       |       |       ||    24
       Chain mail        |    57 |    56 |   130 |    61 ||   304
Dodge: Dodged            |    25 |    25 |    44 |    48 ||   142
Block: Shield            |    55 |    45 |   123 |    82 ||   305
       Rpst.: Long sword |     8 |     7 |    12 |    16 ||    43
